NULL
Full Scoreboard »»

Sharks vs Blackhawks

Created - April 27, 2024 at 00:54

Goals
1 2 3 T
Sharks 0 2 1 3
Blackhawks 0 1 0 1
Shots
1 2 3 T
Sharks 8 15 10 33
Blackhawks 12 9 9 30

GoalsPenalties
1st period
No Goal
Sidney Crosby (SJS) for Hooking (Minor) at 5:28
Parker Kelly (CHI) for High sticking (Minor) at 16:55
Sidney Crosby (SJS) for Hooking (Minor) at 19:56
2nd period
1. Sharks , Frederick Gaudreau 15 (Gustav Nyquist 24) at 3:48
2. Sharks , Auston Matthews 34 (Sidney Crosby 46, Nikolaj Ehlers 27) at 5:07
3. Blackhawks , Vincent Trocheck 27 (Artemi Panarin 31) at 5:55
Tom Wilson (CHI) for Fighting (Major) at 8:30
Andreas Athanasiou (SJS) for Fighting (Major) at 8:30
Oliver Wahlstrom (CHI) for Fighting (Major) at 9:58
Nick Ritchie (SJS) for Fighting (Major) at 9:58
Oliver Wahlstrom (CHI) for instigated a fight (Minor) at 9:58
Oliver Wahlstrom (CHI) for instigated a fight (10 Minutes Misconduct) at 9:58
Rasmus Ristolainen (SJS) for Slashing (Minor) at 19:48
3rd period
4. Sharks , Sidney Crosby 28 (Auston Matthews 38) at 19:21 (Empty Net)
Colton Sissons (CHI) for Roughing (Minor) at 1:57
Nick Jensen (CHI) for Fighting (Major) at 6:44
Sidney Crosby (SJS) for Fighting (Major) at 6:44
Mike Hoffman (CHI) for Fighting (Major) at 6:52
Nikolaj Ehlers (SJS) for Fighting (Major) at 6:52
Dustin Brown (SJS) for Hooking (Minor) at 13:50
Goalie Stats
Akira Schmid (SJS), 29 saves from 30 shots - (0.967), W, 25-7-6, 60:00 minutes
Daniel Vladar (CHI), 30 saves from 32 shots - (0.938), L, 7-15-4, 59:50 minutes
3 StarsOfficial
1 - Auston Matthews (SJS)
2 - Akira Schmid (SJS)
3 - Frederick Gaudreau (SJS)
Referees : Unknown
Linesman : Unknown
Game Note
Tom Wilson and Andreas Athanasiou fight to a draw at 8:30 of 2nd period
Oliver Wahlstrom beats up Nick Ritchie at 9:58 of 2nd period
Nick Jensen beats up Sidney Crosby at 6:44 of 3rd period
Mike Hoffman and Nikolaj Ehlers fight to a draw at 6:52 of 3rd period
Sidney Crosby has scored in a empty net!



Team Name Goals Shots Shots Attemp Shots Blocked PIM HIT PP PK FO%
Sharks 333611128220 / 3 (0%)051%
Blackhawks 13058936310 / 4 (0%)049%

Sharks
Player Name POS G A P +/- PIM HIT SHT SB MP PP MP PP SHT PK MP PK SHT FO% FOT GA TA
Aaron EkbladD0001021424:332:2803:5910% 030
Andreas AthanasiouC/LW/RW000-1512015:182:0100:47050% 200
Auston MatthewsC/LW/RW1122042019:593:0804:07050% 2800
Carl GrundstromRW000000007:110:0000:0000% 001
Daniil ButLW0000012217:530:0000:0900% 000
Derek StepanC/LW/RW000000307:070:0000:000100% 100
Dustin BrownLW/RW000-1251015:133:0000:0000% 100
Frederick GaudreauC/LW/RW1011015015:530:0001:340100% 110
Gustav NyquistC/LW/RW0111004015:260:4800:00043% 1410
Jonathan ToewsC000-1013018:492:5203:34033% 1211
Mark GiordanoD0001002023:562:2803:4800% 013
Nick RitchieLW000050004:530:1200:000100% 101
Nikolaj EhlersLW/RW0112503017:522:5503:34078% 910
Noel AcciariC/LW/RW0001021113:170:0000:0000% 000
Philip BrobergD0000001015:040:0000:4400% 000
Rasmus RistolainenD0001232221:013:2903:1300% 000
Sidney CrosbyC/LW/RW1122901116:412:5502:070100% 121
William BorgenD0001020121:503:2904:0800% 001
Blackhawks
Player Name POS G A P +/- PIM HIT SHT SB MP PP MP PP SHT PK MP PK SHT FO% FOT GA TA
Artemi PanarinLW/RW0110023021:054:0501:4600% 011
Colton SissonsC/RW0000201012:400:0001:51088% 800
Erik BrannstromD000-1022121:353:3602:5100% 001
Jake GardinerD000-2023320:484:2000:0000% 011
Keith YandleD000-1000121:373:3602:5100% 001
Marcus PetterssonD0001030018:330:0003:0600% 012
Marian StudenicRW000-201208:570:0000:0000% 000
Mason McTavishC0000033017:293:5110:00038% 2100
Mason ShawC/LW/RW000-2002011:280:0002:53022% 901
Mike HoffmanC/LW/RW0000522016:253:5111:0500% 100
Nick JensenD0000520215:180:0003:0600% 002
Oliver WahlstromRW00001721010:440:0000:5700% 000
Parker KellyC/LW/RW000-221009:160:0000:2600% 000
Pavel BuchnevichC/LW/RW0000042018:054:0510:0700% 120
Rasmus DahlinD000-1021122:084:2000:0000% 001
Tom WilsonLW/RW0000532015:413:5100:0000% 000
Travis BoydLW/RW0000012014:100:0002:4910% 020
Vincent TrocheckC/LW/RW1010014117:584:0500:00057% 3010

Sharks

5 vs 5 Forward
Line #Left WingCenterRight WingPHYDFOFWanted %Time %Time Play
1Sidney CrosbyAuston MatthewsNikolaj Ehlers1223030%14:00
2Andreas AthanasiouJonathan ToewsDustin Brown1223027%12:23
3Frederick GaudreauGustav NyquistNoel Acciari1223029%13:17
4Daniil ButDerek StepanCarl Grundstrom1221014%6:21
5 vs 5 Defense
Line #DefenseDefensePHYDFOFWanted %Time %Time Play
1Aaron EkbladMark Giordano1223031%14:25
2Rasmus RistolainenWilliam Borgen1223031%14:17
3Philip BrobergDaniil But1223031%14:20
4Aaron EkbladMark Giordano122106%2:59
Power Play Forward
Line #Left WingCenterRight WingPHYDFOFWanted %Time %Time Play
1Sidney CrosbyAuston MatthewsNikolaj Ehlers1225049%2:55
2Andreas AthanasiouJonathan ToewsDustin Brown1225051%3:02
Power Play Defense
Line #DefenseDefensePHYDFOFWanted %Time %Time Play
1Aaron EkbladMark Giordano1225041%2:28
2Rasmus RistolainenWilliam Borgen1225059%3:29
Penalty Kill 4 Players Forward
Line #CenterWingPHYDFOFWanted %Time %Time Play
1Auston MatthewsSidney Crosby1225055%4:22
2Nikolaj EhlersJonathan Toews1225045%3:34
Penalty Kill 4 Players Defense
Line #DefenseDefensePHYDFOFWanted %Time %Time Play
1Aaron EkbladMark Giordano1225046%3:39
2Rasmus RistolainenWilliam Borgen1225054%4:17
Penalty Kill 3 Players
Line #WingPHYDFOFWanted %Time %Time PlayDefenseDefensePHYDFOFWanted %Time %Time Play
1Auston Matthews122500%0:00 Aaron EkbladMark Giordano122500%0:00
2Sidney Crosby122500%0:00 Rasmus RistolainenWilliam Borgen122500%0:00
4 vs 4 Forward
Line #CenterWingPHYDFOFWanted %Time %Time Play
1Auston MatthewsSidney Crosby122500%0:00
2Nikolaj EhlersJonathan Toews122500%0:00
4 vs 4 Defense
Line #DefensePHYDFOFWanted %Time %Time Play
1Aaron EkbladMark Giordano122500%0:00
2Rasmus RistolainenWilliam Borgen122500%0:00
Last Minutes Offensive
Left WingCenterRight WingDefenseDefense
Sidney CrosbyAuston MatthewsNikolaj EhlersAaron EkbladMark Giordano
Last Minutes Defensive
Left WingCenterRight WingDefenseDefense
Sidney CrosbyAuston MatthewsNikolaj EhlersAaron EkbladMark Giordano
Time
Total ForwardTotal DefenseLast Minutes OffensiveLast Minutes Defensive
60:00 60:00 0:000:06
Extra Forwards
Normal PowerPlayPenalty Kill
Nick Ritchie, Gustav Nyquist, Frederick GaudreauNick Ritchie, Gustav NyquistFrederick Gaudreau
Extra Defensemen
Normal PowerPlayPenalty Kill
Philip Broberg, Rasmus Ristolainen, William BorgenPhilip Broberg, Rasmus RistolainenWilliam Borgen
Penalty Shots
Auston Matthews, Sidney Crosby, Nikolaj Ehlers, Jonathan Toews, Andreas Athanasiou
Goalie
Akira Schmid, Jonathan Quick
Custom OT Lines Forwards
Auston Matthews, Sidney Crosby, Nikolaj Ehlers, Jonathan Toews, Andreas Athanasiou, Dustin Brown, Gustav Nyquist, Frederick Gaudreau, Daniil But, Noel Acciari
Custom OT Lines Defensemen
Aaron Ekblad, Mark Giordano, Rasmus Ristolainen, William Borgen, Philip Broberg
Scratches
Albert Wikman (Healthy), Sebastian Aho (D) (Healthy)

Blackhawks

5 vs 5 Forward
Line #Left WingCenterRight WingPHYDFOFWanted %Time %Time Play
1Artemi PanarinVincent TrocheckPavel Buchnevich1223529%13:27
2Tom WilsonMason McTavishMike Hoffman1223529%13:04
3Travis BoydColton SissonsOliver Wahlstrom1222023%10:41
4Parker KellyMason ShawMarian Studenic1221018%8:26
5 vs 5 Defense
Line #DefenseDefensePHYDFOFWanted %Time %Time Play
1Rasmus DahlinMarcus Pettersson1223535%16:11
2Jake GardinerNick Jensen1223534%15:34
3Keith YandleErik Brannstrom1223027%12:11
4Rasmus DahlinJake Gardiner12204%1:42
Power Play Forward
Line #Left WingCenterRight WingPHYDFOFWanted %Time %Time Play
1Artemi PanarinVincent TrocheckPavel Buchnevich1225051%4:05
2Tom WilsonMason McTavishMike Hoffman1225049%3:51
Power Play Defense
Line #DefenseDefensePHYDFOFWanted %Time %Time Play
1Rasmus DahlinJake Gardiner1225055%4:20
2Keith YandleErik Brannstrom1225045%3:36
Penalty Kill 4 Players Forward
Line #CenterWingPHYDFOFWanted %Time %Time Play
1Colton SissonsTravis Boyd1225055%3:16
2Mason ShawOliver Wahlstrom1225045%2:41
Penalty Kill 4 Players Defense
Line #DefenseDefensePHYDFOFWanted %Time %Time Play
1Marcus PetterssonNick Jensen1225052%3:06
2Keith YandleErik Brannstrom1225048%2:51
Penalty Kill 3 Players
Line #WingPHYDFOFWanted %Time %Time PlayDefenseDefensePHYDFOFWanted %Time %Time Play
1Artemi Panarin122500%0:00 Rasmus DahlinJake Gardiner122500%0:00
2Vincent Trocheck122500%0:00 Marcus PetterssonNick Jensen122500%0:00
4 vs 4 Forward
Line #CenterWingPHYDFOFWanted %Time %Time Play
1Artemi PanarinVincent Trocheck122500%0:00
2Pavel BuchnevichTom Wilson122500%0:00
4 vs 4 Defense
Line #DefensePHYDFOFWanted %Time %Time Play
1Rasmus DahlinJake Gardiner122500%0:00
2Marcus PetterssonNick Jensen122500%0:00
Last Minutes Offensive
Left WingCenterRight WingDefenseDefense
Artemi PanarinVincent TrocheckPavel BuchnevichRasmus DahlinJake Gardiner
Last Minutes Defensive
Left WingCenterRight WingDefenseDefense
Artemi PanarinVincent TrocheckPavel BuchnevichRasmus DahlinJake Gardiner
Time
Total ForwardTotal DefenseLast Minutes OffensiveLast Minutes Defensive
60:00 60:00 0:290:00
Extra Forwards
Normal PowerPlayPenalty Kill
Oliver Wahlstrom, Mason McTavish, Travis BoydOliver Wahlstrom, Mason McTavishTravis Boyd
Extra Defensemen
Normal PowerPlayPenalty Kill
Keith Yandle, Erik Brannstrom, Marcus PetterssonKeith Yandle, Erik BrannstromMarcus Pettersson
Penalty Shots
Artemi Panarin, Vincent Trocheck, Pavel Buchnevich, Tom Wilson, Colton Sissons
Goalie
Daniel Vladar, Pyotr Kochetkov
Custom OT Lines Forwards
Artemi Panarin, Vincent Trocheck, Pavel Buchnevich, Tom Wilson, Colton Sissons, Mike Hoffman, Oliver Wahlstrom, Mason McTavish, Travis Boyd, Mason Shaw
Custom OT Lines Defensemen
Rasmus Dahlin, Jake Gardiner, Marcus Pettersson, Nick Jensen, Keith Yandle
Scratches
Alexander Ljungkrantz (Healthy), Artem Grushnikov (Healthy)


Play-by-Play

1st period


0:01 of 1st period - Vincent Trocheck wins face-off versus Auston Matthews in neutral zone.
0:14 of 1st period - Snap shot by Artemi Panarin.
0:14 of 1st period - Stopped by Akira Schmid with a rebound.
0:26 of 1st period - Dustin Brown is hit by Mike Hoffman and loses puck.
0:36 of 1st period - Snap shot by Jonathan Toews.
0:36 of 1st period - Shot Misses the Net.
1:10 of 1st period - Marian Studenic is hit by Rasmus Ristolainen.
1:34 of 1st period - Slapshot by Mason McTavish.
1:34 of 1st period - Stopped by Akira Schmid with a rebound.
1:36 of 1st period - Backhand shot by Erik Brannstrom.
1:36 of 1st period - Stopped by Akira Schmid with a rebound.
1:38 of 1st period - Snap shot by Mason McTavish.
1:38 of 1st period - Shot Blocked by William Borgen.
2:36 of 1st period - Wrist shot by Gustav Nyquist.
2:36 of 1st period - Stopped by Daniel Vladar without a rebound.
2:37 of 1st period - Gustav Nyquist wins face-off versus Mason McTavish in Blackhawks zone.
2:42 of 1st period - Snap shot by Frederick Gaudreau.
2:42 of 1st period - Shot Misses the Net.
3:02 of 1st period - Keith Yandle is hit by Dustin Brown and loses puck.
3:43 of 1st period - Noel Acciari is hit by Tom Wilson.
4:13 of 1st period - Slapshot by Jake Gardiner.
4:13 of 1st period - Shot Blocked by Aaron Ekblad.
5:03 of 1st period - Philip Broberg is hit by Marcus Pettersson and loses puck.
5:28 of 1st period - Minor Penalty to Sidney Crosby for Hooking.
5:29 of 1st period - Vincent Trocheck wins face-off versus Auston Matthews in Sharks zone.
6:06 of 1st period - Slapshot by Mike Hoffman.
6:06 of 1st period - Stopped by Akira Schmid without a rebound.
6:07 of 1st period - Auston Matthews wins face-off versus Vincent Trocheck in Sharks zone.
7:28 of 1st period - Penalty to Sidney Crosby is over, Sidney Crosby is back on ice.
7:29 of 1st period - Icing by William Borgen.
7:30 of 1st period - Nikolaj Ehlers wins face-off versus Vincent Trocheck in Sharks zone.
8:03 of 1st period - Slapshot by Gustav Nyquist.
8:03 of 1st period - Shot Blocked by Jake Gardiner.
8:05 of 1st period - Snap shot by Gustav Nyquist.
8:05 of 1st period - Deflect By Noel Acciari.
8:05 of 1st period - Stopped by Daniel Vladar with a rebound.
8:07 of 1st period - Slapshot by Rasmus Ristolainen.
8:07 of 1st period - Stopped by Daniel Vladar with a rebound.
8:09 of 1st period - Slapshot by Frederick Gaudreau.
8:09 of 1st period - Stopped by Daniel Vladar with a rebound.
8:21 of 1st period - Wrist shot by Daniil But.
8:21 of 1st period - Shot Misses the Net.
8:23 of 1st period - Slapshot by Carl Grundstrom.
8:23 of 1st period - Shot Blocked by Nick Jensen.
8:25 of 1st period - Wrist shot by Derek Stepan.
8:25 of 1st period - Shot Misses the Net.
8:27 of 1st period - Wrist shot by Derek Stepan.
8:27 of 1st period - Stopped by Daniel Vladar without a rebound.
8:28 of 1st period - Vincent Trocheck wins face-off versus Gustav Nyquist in Blackhawks zone.
8:40 of 1st period - Off-side.
8:41 of 1st period - Mason McTavish wins face-off versus Auston Matthews in neutral zone.
9:06 of 1st period - Artemi Panarin is hit by Noel Acciari and loses puck.
9:47 of 1st period - Auston Matthews is hit by Marian Studenic and loses puck.
10:34 of 1st period - Jonathan Toews is hit by Pavel Buchnevich.
10:46 of 1st period - Andreas Athanasiou is hit by Pavel Buchnevich and loses puck.
10:59 of 1st period - Wrist shot by Daniil But.
10:59 of 1st period - Shot Misses the Net.
11:21 of 1st period - Snap shot by Nikolaj Ehlers.
11:21 of 1st period - Stopped by Daniel Vladar without a rebound.
11:22 of 1st period - Auston Matthews wins face-off versus Mason Shaw in Blackhawks zone.
11:23 of 1st period - Slapshot by Sidney Crosby.
11:23 of 1st period - Deflect By Nikolaj Ehlers.
11:23 of 1st period - Shot Misses the Net.
11:23 of 1st period - Puck is out of play.
11:24 of 1st period - Auston Matthews wins face-off versus Mason Shaw in Blackhawks zone.
11:28 of 1st period - Icing by Rasmus Dahlin.
11:29 of 1st period - Mason Shaw wins face-off versus Auston Matthews in Blackhawks zone.
11:38 of 1st period - Wrist shot by Mason Shaw.
11:38 of 1st period - Stopped by Akira Schmid with a rebound.
11:40 of 1st period - Snap shot by Marian Studenic.
11:40 of 1st period - Stopped by Akira Schmid with a rebound.
11:42 of 1st period - Wrist shot by Mason Shaw.
11:42 of 1st period - Stopped by Akira Schmid without a rebound.
11:43 of 1st period - Gustav Nyquist wins face-off versus Mason McTavish in Sharks zone.
11:56 of 1st period - Wrist shot by Gustav Nyquist.
11:56 of 1st period - Stopped by Daniel Vladar with a rebound.
11:58 of 1st period - Slapshot by Mark Giordano.
11:58 of 1st period - Stopped by Daniel Vladar with a rebound.
12:13 of 1st period - Marcus Pettersson is hit by Dustin Brown and loses puck.
12:20 of 1st period - Jonathan Toews is hit by Rasmus Dahlin and loses puck.
12:35 of 1st period - Rasmus Dahlin is hit by Jonathan Toews and loses puck.
12:52 of 1st period - Snap shot by Mike Hoffman.
12:52 of 1st period - Stopped by Akira Schmid without a rebound.
12:53 of 1st period - Nikolaj Ehlers wins face-off versus Vincent Trocheck in Sharks zone.
12:53 of 1st period - Nikolaj Ehlers is hit by Vincent Trocheck.
13:01 of 1st period - Philip Broberg is hit by Nick Jensen and loses puck.
14:40 of 1st period - Keith Yandle is hit by Dustin Brown and loses puck.
15:10 of 1st period - Slapshot by Jake Gardiner.
15:10 of 1st period - Stopped by Akira Schmid with a rebound.
15:12 of 1st period - Wrist shot by Marian Studenic.
15:12 of 1st period - Stopped by Akira Schmid with a rebound.
15:14 of 1st period - Snap shot by Parker Kelly.
15:14 of 1st period - Shot Misses the Net.
15:36 of 1st period - Off-side.
15:37 of 1st period - Vincent Trocheck wins face-off versus Jonathan Toews in neutral zone.
16:14 of 1st period - Snap shot by Mason McTavish.
16:14 of 1st period - Shot Misses the Net.
16:55 of 1st period - Minor Penalty to Parker Kelly for High sticking.
16:56 of 1st period - Colton Sissons wins face-off versus Auston Matthews in Blackhawks zone.
18:14 of 1st period - Dustin Brown is hit by Nick Jensen and loses puck.
18:55 of 1st period - Penalty to Parker Kelly is over, Parker Kelly is back on ice.
19:03 of 1st period - Snap shot by Artemi Panarin.
19:03 of 1st period - Stopped by Akira Schmid with a rebound.
19:05 of 1st period - Backhand shot by Pavel Buchnevich.
19:05 of 1st period - Shot Blocked by Noel Acciari.
19:07 of 1st period - Snap shot by Artemi Panarin.
19:07 of 1st period - Shot Misses the Net.
19:09 of 1st period - Snap shot by Jake Gardiner.
19:09 of 1st period - Shot Misses the Net.
19:11 of 1st period - Wrist shot by Vincent Trocheck.
19:11 of 1st period - Stopped by Akira Schmid with a rebound.
19:56 of 1st period - Minor Penalty to Sidney Crosby for Hooking.
19:57 of 1st period - Mason McTavish wins face-off versus Nikolaj Ehlers in Sharks zone.
19:58 of 1st period - Slapshot by Rasmus Dahlin.
19:58 of 1st period - Shot Misses the Net.
Goals for this period are 0 for Sharks vs 0 for Blackhawks.
Shots for this period are 8 for Sharks vs 12 for Blackhawks.

2nd period


0:01 of 2nd period - Nikolaj Ehlers wins face-off versus Mike Hoffman in neutral zone.
0:04 of 2nd period - Slapshot by Aaron Ekblad.
0:04 of 2nd period - Stopped by Daniel Vladar with a rebound.
0:10 of 2nd period - Aaron Ekblad is hit by Mason McTavish and loses puck.
0:25 of 2nd period - Mark Giordano is hit by Erik Brannstrom and loses puck.
0:36 of 2nd period - Snap shot by Artemi Panarin.
0:36 of 2nd period - Shot Blocked by Aaron Ekblad.
1:30 of 2nd period - Artemi Panarin is hit by Aaron Ekblad and loses puck.
1:56 of 2nd period - Penalty to Sidney Crosby is over, Sidney Crosby is back on ice.
2:50 of 2nd period - Colton Sissons is hit by Rasmus Ristolainen and loses puck.
3:15 of 2nd period - Andreas Athanasiou is hit by Pavel Buchnevich and loses puck.
3:30 of 2nd period - Andreas Athanasiou is hit by Tom Wilson and loses puck.
3:41 of 2nd period - Parker Kelly is hit by Frederick Gaudreau and loses puck.
3:46 of 2nd period - Snap shot by Frederick Gaudreau.
3:46 of 2nd period - Stopped by Daniel Vladar with a rebound.
3:48 of 2nd period - Slapshot by Frederick Gaudreau.
3:48 of 2nd period - Goal by Frederick Gaudreau - Sharks : 1 - Blackhawks : 0.
3:49 of 2nd period - Auston Matthews wins face-off versus Vincent Trocheck in neutral zone.
4:14 of 2nd period - Daniil But is hit by Marcus Pettersson.
4:18 of 2nd period - Backhand shot by Gustav Nyquist.
4:18 of 2nd period - Shot Blocked by Rasmus Dahlin.
4:40 of 2nd period - Oliver Wahlstrom is hit by Aaron Ekblad and loses puck.
4:59 of 2nd period - Slapshot by Auston Matthews.
4:59 of 2nd period - Deflect By Nikolaj Ehlers.
4:59 of 2nd period - Shot Misses the Net.
4:59 of 2nd period - Puck is out of play.
5:00 of 2nd period - Auston Matthews wins face-off versus Mason Shaw in Blackhawks zone.
5:05 of 2nd period - Wrist shot by Sidney Crosby.
5:05 of 2nd period - Deflect By Auston Matthews.
5:05 of 2nd period - Stopped by Daniel Vladar with a rebound.
5:07 of 2nd period - Snap shot by Auston Matthews.
5:07 of 2nd period - Goal by Auston Matthews - Sharks : 2 - Blackhawks : 0.
5:08 of 2nd period - Gustav Nyquist wins face-off versus Vincent Trocheck in neutral zone.
5:34 of 2nd period - Wrist shot by Oliver Wahlstrom.
5:34 of 2nd period - Shot Misses the Net.
5:36 of 2nd period - Snap shot by Oliver Wahlstrom.
5:36 of 2nd period - Shot Hit the Post.
5:38 of 2nd period - Snap shot by Colton Sissons.
5:38 of 2nd period - Deflect By Oliver Wahlstrom.
5:38 of 2nd period - Shot Blocked by Daniil But.
5:38 of 2nd period - Puck is out of play.
5:39 of 2nd period - Colton Sissons wins face-off versus Auston Matthews in Sharks zone.
5:40 of 2nd period - Snap shot by Jake Gardiner.
5:40 of 2nd period - Stopped by Akira Schmid with a rebound.
5:45 of 2nd period - Off-side.
5:46 of 2nd period - Vincent Trocheck wins face-off versus Auston Matthews in neutral zone.
5:49 of 2nd period - Slapshot by Rasmus Dahlin.
5:49 of 2nd period - Stopped by Akira Schmid without a rebound.
5:50 of 2nd period - Vincent Trocheck wins face-off versus Jonathan Toews in Sharks zone.
5:51 of 2nd period - Snap shot by Artemi Panarin.
5:51 of 2nd period - Stopped by Akira Schmid without a rebound.
5:52 of 2nd period - Vincent Trocheck wins face-off versus Jonathan Toews in Sharks zone.
5:55 of 2nd period - Snap shot by Vincent Trocheck.
5:55 of 2nd period - Goal by Vincent Trocheck - Sharks : 2 - Blackhawks : 1.
5:56 of 2nd period - Vincent Trocheck wins face-off versus Andreas Athanasiou in neutral zone.
6:09 of 2nd period - Off-side.
6:10 of 2nd period - Mason McTavish wins face-off versus Auston Matthews in neutral zone.
6:13 of 2nd period - Sidney Crosby is hit by Marcus Pettersson and loses puck.
6:36 of 2nd period - Mike Hoffman is hit by Noel Acciari and loses puck.
6:42 of 2nd period - Off-side.
6:43 of 2nd period - Vincent Trocheck wins face-off versus Gustav Nyquist in neutral zone.
7:16 of 2nd period - Snap shot by Travis Boyd.
7:16 of 2nd period - Stopped by Akira Schmid with a rebound.
8:27 of 2nd period - Slapshot by Artemi Panarin.
8:27 of 2nd period - Shot Misses the Net.
8:29 of 2nd period - Slapshot by Erik Brannstrom.
8:29 of 2nd period - Deflect By Derek Stepan.
8:29 of 2nd period - Stopped by Akira Schmid without a rebound.
8:30 of 2nd period - Mason McTavish wins face-off versus Dustin Brown in Sharks zone.
8:30 of 2nd period - Tom Wilson and Andreas Athanasiou fight to a draw.
8:30 of 2nd period - Penalty to Tom Wilson for Fighting.
8:30 of 2nd period - Penalty to Andreas Athanasiou for Fighting.
8:31 of 2nd period - Nick Ritchie wins face-off versus Vincent Trocheck in Sharks zone.
9:51 of 2nd period - Wrist shot by Daniil But.
9:51 of 2nd period - Stopped by Daniel Vladar without a rebound.
9:52 of 2nd period - Mason McTavish wins face-off versus Jonathan Toews in Blackhawks zone.
9:52 of 2nd period - Mike Hoffman is hit by William Borgen and loses puck.
9:58 of 2nd period - Oliver Wahlstrom beats up Nick Ritchie.
9:58 of 2nd period - Penalty to Oliver Wahlstrom for Fighting.
9:58 of 2nd period - Penalty to Nick Ritchie for Fighting.
9:58 of 2nd period - Penalty to Oliver Wahlstrom for instigated a fight.
9:58 of 2nd period - Penalty to Oliver Wahlstrom for instigated a fight.
9:59 of 2nd period - Auston Matthews wins face-off versus Mason Shaw in Blackhawks zone.
10:14 of 2nd period - Slapshot by Colton Sissons.
10:14 of 2nd period - Shot Blocked by Rasmus Ristolainen.
10:16 of 2nd period - Snap shot by Nick Jensen.
10:16 of 2nd period - Shot Misses the Net.
10:18 of 2nd period - Wrist shot by Travis Boyd.
10:18 of 2nd period - Stopped by Akira Schmid without a rebound.
10:19 of 2nd period - Jonathan Toews wins face-off versus Mason Shaw in Sharks zone.
11:58 of 2nd period - Penalty to Oliver Wahlstrom is over, Marian Studenic is send on ice.
11:59 of 2nd period - Rasmus Ristolainen is hit by Mike Hoffman and loses puck.
12:18 of 2nd period - Wrist shot by Derek Stepan.
12:18 of 2nd period - Stopped by Daniel Vladar with a rebound.
13:00 of 2nd period - Icing by Gustav Nyquist.
13:01 of 2nd period - Vincent Trocheck wins face-off versus Gustav Nyquist in Sharks zone.
13:45 of 2nd period - Off-side.
13:46 of 2nd period - Colton Sissons wins face-off versus Jonathan Toews in neutral zone.
14:02 of 2nd period - Snap shot by Andreas Athanasiou.
14:02 of 2nd period - Stopped by Daniel Vladar with a rebound.
14:06 of 2nd period - Wrist shot by Andreas Athanasiou.
14:06 of 2nd period - Shot Misses the Net.
14:08 of 2nd period - Slapshot by Daniil But.
14:08 of 2nd period - Shot Misses the Net.
14:18 of 2nd period - Slapshot by Jake Gardiner.
14:18 of 2nd period - Stopped by Akira Schmid with a rebound.
14:20 of 2nd period - Snap shot by Travis Boyd.
14:20 of 2nd period - Deflect By Aaron Ekblad.
14:20 of 2nd period - Shot Blocked by Aaron Ekblad.
14:20 of 2nd period - Puck is out of play.
14:21 of 2nd period - Vincent Trocheck wins face-off versus Auston Matthews in Sharks zone.
14:36 of 2nd period - Snap shot by Nikolaj Ehlers.
14:36 of 2nd period - Shot Misses the Net.
15:11 of 2nd period - Slapshot by Andreas Athanasiou.
15:11 of 2nd period - Shot Blocked by Keith Yandle.
15:29 of 2nd period - Keith Yandle is hit by Auston Matthews and loses puck.
15:48 of 2nd period - Snap shot by Vincent Trocheck.
15:48 of 2nd period - Shot Blocked by Daniil But.
15:50 of 2nd period - Snap shot by Pavel Buchnevich.
15:50 of 2nd period - Shot Blocked by Aaron Ekblad.
16:00 of 2nd period - Slapshot by Mark Giordano.
16:00 of 2nd period - Stopped by Daniel Vladar without a rebound.
16:01 of 2nd period - Colton Sissons wins face-off versus Gustav Nyquist in Blackhawks zone.
16:06 of 2nd period - Noel Acciari is hit by Travis Boyd and loses puck.
16:15 of 2nd period - Snap shot by Gustav Nyquist.
16:15 of 2nd period - Shot Misses the Net.
16:17 of 2nd period - Slapshot by Frederick Gaudreau.
16:17 of 2nd period - Stopped by Daniel Vladar with a rebound.
16:36 of 2nd period - Wrist shot by Jonathan Toews.
16:36 of 2nd period - Shot Blocked by Nick Jensen.
16:38 of 2nd period - Snap shot by Andreas Athanasiou.
16:38 of 2nd period - Stopped by Daniel Vladar without a rebound.
16:39 of 2nd period - Auston Matthews wins face-off versus Mason McTavish in Blackhawks zone.
16:42 of 2nd period - Wrist shot by Nikolaj Ehlers.
16:42 of 2nd period - Shot Blocked by Jake Gardiner.
16:48 of 2nd period - Snap shot by Nikolaj Ehlers.
16:48 of 2nd period - Shot Misses the Net.
17:29 of 2nd period - Snap shot by Artemi Panarin.
17:29 of 2nd period - Shot Misses the Net.
17:31 of 2nd period - Wrist shot by Vincent Trocheck.
17:31 of 2nd period - Stopped by Akira Schmid without a rebound.
17:32 of 2nd period - Auston Matthews wins face-off versus Pavel Buchnevich in Sharks zone.
17:39 of 2nd period - Snap shot by Nikolaj Ehlers.
17:39 of 2nd period - Stopped by Daniel Vladar with a rebound.
17:41 of 2nd period - Slapshot by Mark Giordano.
17:41 of 2nd period - Shot Misses the Net.
17:43 of 2nd period - Wrist shot by Auston Matthews.
17:43 of 2nd period - Shot Misses the Net.
17:45 of 2nd period - Wrist shot by Nikolaj Ehlers.
17:45 of 2nd period - Stopped by Daniel Vladar without a rebound.
17:46 of 2nd period - Jonathan Toews wins face-off versus Mason McTavish in Blackhawks zone.
17:59 of 2nd period - Off-side.
18:00 of 2nd period - Auston Matthews wins face-off versus Vincent Trocheck in neutral zone.
18:03 of 2nd period - Snap shot by Daniil But.
18:03 of 2nd period - Stopped by Daniel Vladar without a rebound.
18:04 of 2nd period - Auston Matthews wins face-off versus Vincent Trocheck in Blackhawks zone.
18:37 of 2nd period - Slapshot by Mike Hoffman.
18:37 of 2nd period - Shot Misses the Net.
19:33 of 2nd period - Snap shot by Jonathan Toews.
19:33 of 2nd period - Shot Misses the Net.
19:35 of 2nd period - Wrist shot by Dustin Brown.
19:35 of 2nd period - Stopped by Daniel Vladar without a rebound.
19:36 of 2nd period - Mason McTavish wins face-off versus Gustav Nyquist in Blackhawks zone.
19:48 of 2nd period - Minor Penalty to Rasmus Ristolainen for Slashing.
19:49 of 2nd period - Nikolaj Ehlers wins face-off versus Mason McTavish in Sharks zone.
19:49 of 2nd period - Nikolaj Ehlers is hit by Mason McTavish.
Goals for this period are 2 for Sharks vs 1 for Blackhawks.
Shots for this period are 15 for Sharks vs 9 for Blackhawks.

3rd period


0:01 of 3rd period - Nikolaj Ehlers wins face-off versus Mason McTavish in neutral zone.
0:28 of 3rd period - Keith Yandle is hit by Auston Matthews and loses puck.
1:17 of 3rd period - William Borgen is hit by Rasmus Dahlin and loses puck.
1:32 of 3rd period - William Borgen is hit by Mason McTavish and loses puck.
1:45 of 3rd period - Aaron Ekblad is hit by Erik Brannstrom and loses puck.
1:48 of 3rd period - Penalty to Rasmus Ristolainen is over, Rasmus Ristolainen is back on ice.
1:57 of 3rd period - Minor Penalty to Colton Sissons for Roughing.
1:58 of 3rd period - Andreas Athanasiou wins face-off versus Mason Shaw in Blackhawks zone.
3:03 of 3rd period - Marcus Pettersson is hit by Auston Matthews and loses puck.
3:20 of 3rd period - Mason Shaw is hit by Dustin Brown and loses puck.
3:57 of 3rd period - Penalty to Colton Sissons is over, Colton Sissons is back on ice.
4:25 of 3rd period - Snap shot by Gustav Nyquist.
4:25 of 3rd period - Stopped by Daniel Vladar without a rebound.
4:26 of 3rd period - Gustav Nyquist wins face-off versus Mason McTavish in Blackhawks zone.
4:26 of 3rd period - Frederick Gaudreau is hit by Jake Gardiner and loses puck.
4:58 of 3rd period - 10 Minutes Misconduct Penalty to Oliver Wahlstrom is over.
4:59 of 3rd period - Slapshot by Tom Wilson.
4:59 of 3rd period - Stopped by Akira Schmid without a rebound.
5:00 of 3rd period - Vincent Trocheck wins face-off versus Auston Matthews in Sharks zone.
5:05 of 3rd period - Snap shot by Vincent Trocheck.
5:05 of 3rd period - Stopped by Akira Schmid with a rebound.
5:25 of 3rd period - Jonathan Toews is hit by Oliver Wahlstrom and loses puck.
5:50 of 3rd period - Wrist shot by Gustav Nyquist.
5:50 of 3rd period - Stopped by Daniel Vladar without a rebound.
5:51 of 3rd period - Gustav Nyquist wins face-off versus Mason Shaw in Blackhawks zone.
5:56 of 3rd period - Slapshot by Frederick Gaudreau.
5:56 of 3rd period - Stopped by Daniel Vladar without a rebound.
5:57 of 3rd period - Vincent Trocheck wins face-off versus Auston Matthews in Blackhawks zone.
6:26 of 3rd period - Slapshot by Jonathan Toews.
6:26 of 3rd period - Stopped by Daniel Vladar without a rebound.
6:27 of 3rd period - Jonathan Toews wins face-off versus Mason McTavish in Blackhawks zone.
6:28 of 3rd period - Wrist shot by Andreas Athanasiou.
6:28 of 3rd period - Shot Misses the Net.
6:30 of 3rd period - Wrist shot by Jonathan Toews.
6:30 of 3rd period - Stopped by Daniel Vladar without a rebound.
6:31 of 3rd period - Vincent Trocheck wins face-off versus Auston Matthews in Blackhawks zone.
6:44 of 3rd period - Nick Jensen beats up Sidney Crosby.
6:44 of 3rd period - Penalty to Nick Jensen for Fighting.
6:44 of 3rd period - Penalty to Sidney Crosby for Fighting.
6:45 of 3rd period - Auston Matthews wins face-off versus Mason McTavish in Sharks zone.
6:52 of 3rd period - Mike Hoffman and Nikolaj Ehlers fight to a draw.
6:52 of 3rd period - Penalty to Mike Hoffman for Fighting.
6:52 of 3rd period - Penalty to Nikolaj Ehlers for Fighting.
6:53 of 3rd period - Jonathan Toews wins face-off versus Vincent Trocheck in Blackhawks zone.
6:54 of 3rd period - Slapshot by Andreas Athanasiou.
6:54 of 3rd period - Shot Blocked by Vincent Trocheck.
7:08 of 3rd period - Slapshot by Pavel Buchnevich.
7:08 of 3rd period - Stopped by Akira Schmid with a rebound.
7:10 of 3rd period - Wrist shot by Pavel Buchnevich.
7:10 of 3rd period - Shot Misses the Net.
7:20 of 3rd period - Erik Brannstrom is hit by Auston Matthews and loses puck.
7:29 of 3rd period - Snap shot by Tom Wilson.
7:29 of 3rd period - Stopped by Akira Schmid with a rebound.
7:39 of 3rd period - Carl Grundstrom is hit by Parker Kelly and loses puck.
8:21 of 3rd period - Aaron Ekblad is hit by Artemi Panarin and loses puck.
8:28 of 3rd period - Vincent Trocheck is hit by Dustin Brown and loses puck.
9:43 of 3rd period - Aaron Ekblad is hit by Tom Wilson and loses puck.
11:09 of 3rd period - Artemi Panarin is hit by William Borgen and loses puck.
11:13 of 3rd period - Icing by Vincent Trocheck.
11:14 of 3rd period - Vincent Trocheck wins face-off versus Auston Matthews in Blackhawks zone.
11:14 of 3rd period - Vincent Trocheck is hit by Rasmus Ristolainen.
11:41 of 3rd period - Icing by Keith Yandle.
11:42 of 3rd period - Mason Shaw wins face-off versus Jonathan Toews in Blackhawks zone.
11:46 of 3rd period - Off-side.
11:47 of 3rd period - Mason McTavish wins face-off versus Gustav Nyquist in neutral zone.
11:55 of 3rd period - Philip Broberg is hit by Oliver Wahlstrom and loses puck.
12:16 of 3rd period - Icing by Nikolaj Ehlers.
12:17 of 3rd period - Sidney Crosby wins face-off versus Vincent Trocheck in Sharks zone.
13:08 of 3rd period - Slapshot by Daniil But.
13:08 of 3rd period - Deflect By Derek Stepan.
13:08 of 3rd period - Shot Blocked by Erik Brannstrom.
13:08 of 3rd period - Puck is out of play.
13:09 of 3rd period - Derek Stepan wins face-off versus Mason McTavish in Blackhawks zone.
13:22 of 3rd period - Snap shot by Philip Broberg.
13:22 of 3rd period - Stopped by Daniel Vladar with a rebound.
13:36 of 3rd period - Daniil But is hit by Jake Gardiner.
13:40 of 3rd period - Slapshot by Derek Stepan.
13:40 of 3rd period - Stopped by Daniel Vladar without a rebound.
13:41 of 3rd period - Colton Sissons wins face-off versus Jonathan Toews in Blackhawks zone.
13:41 of 3rd period - Colton Sissons is hit by Andreas Athanasiou.
13:50 of 3rd period - Minor Penalty to Dustin Brown for Hooking.
13:51 of 3rd period - Vincent Trocheck wins face-off versus Nikolaj Ehlers in Sharks zone.
14:06 of 3rd period - Wrist shot by Pavel Buchnevich.
14:06 of 3rd period - Stopped by Akira Schmid with a rebound.
14:08 of 3rd period - Slapshot by Keith Yandle.
14:08 of 3rd period - Deflect By Vincent Trocheck.
14:08 of 3rd period - Shot Blocked by Sidney Crosby.
14:08 of 3rd period - Puck is out of play.
14:09 of 3rd period - Auston Matthews wins face-off versus Mason McTavish in Sharks zone.
14:15 of 3rd period - Icing by Mike Hoffman.
14:16 of 3rd period - Nikolaj Ehlers wins face-off versus Mason McTavish in Blackhawks zone.
14:52 of 3rd period - Icing by Vincent Trocheck.
14:53 of 3rd period - Vincent Trocheck wins face-off versus Auston Matthews in Blackhawks zone.
15:02 of 3rd period - Slapshot by Artemi Panarin.
15:02 of 3rd period - Deflect By Vincent Trocheck.
15:02 of 3rd period - Shot Hit the Post.
15:02 of 3rd period - Puck is out of play.
15:03 of 3rd period - Nikolaj Ehlers wins face-off versus Mason McTavish in Sharks zone.
15:16 of 3rd period - Snap shot by Mike Hoffman.
15:16 of 3rd period - Shot Misses the Net.
15:18 of 3rd period - Slapshot by Mason McTavish.
15:18 of 3rd period - Stopped by Akira Schmid with a rebound.
15:28 of 3rd period - Rasmus Ristolainen is hit by Artemi Panarin and loses puck.
15:35 of 3rd period - Snap shot by Pavel Buchnevich.
15:35 of 3rd period - Shot Misses the Net.
15:37 of 3rd period - Snap shot by Pavel Buchnevich.
15:37 of 3rd period - Shot Blocked by Rasmus Ristolainen.
15:50 of 3rd period - Penalty to Dustin Brown is over, Dustin Brown is back on ice.
16:12 of 3rd period - Slapshot by Rasmus Ristolainen.
16:12 of 3rd period - Shot Blocked by Jake Gardiner.
17:09 of 3rd period - Off-side.
17:10 of 3rd period - Mason McTavish wins face-off versus Jonathan Toews in neutral zone.
17:19 of 3rd period - Tom Wilson is hit by Daniil But and loses puck.
17:32 of 3rd period - Slapshot by Andreas Athanasiou.
17:32 of 3rd period - Shot Misses the Net.
17:36 of 3rd period - Snap shot by Jonathan Toews.
17:36 of 3rd period - Shot Misses the Net.
17:38 of 3rd period - Snap shot by Jonathan Toews.
17:38 of 3rd period - Shot Misses the Net.
17:44 of 3rd period - Slapshot by Jonathan Toews.
17:44 of 3rd period - Stopped by Daniel Vladar without a rebound.
17:45 of 3rd period - Frederick Gaudreau wins face-off versus Vincent Trocheck in Blackhawks zone.
17:59 of 3rd period - Off-side.
18:00 of 3rd period - Gustav Nyquist wins face-off versus Colton Sissons in neutral zone.
18:13 of 3rd period - Snap shot by Oliver Wahlstrom.
18:13 of 3rd period - Stopped by Akira Schmid with a rebound.
18:32 of 3rd period - Slapshot by Rasmus Ristolainen.
18:32 of 3rd period - Stopped by Daniel Vladar without a rebound.
18:33 of 3rd period - Auston Matthews wins face-off versus Vincent Trocheck in Blackhawks zone.
18:42 of 3rd period - Aaron Ekblad is hit by Pavel Buchnevich and loses puck.
19:11 of 3rd period - Blackhawks, Daniel Vladar is pulled from the net.
19:13 of 3rd period - Wrist shot by Artemi Panarin.
19:13 of 3rd period - Shot Misses the Net.
19:15 of 3rd period - Backhand shot by Keith Yandle.
19:15 of 3rd period - Deflect By Pavel Buchnevich.
19:15 of 3rd period - Shot Misses the Net.
19:15 of 3rd period - Puck is out of play.
19:16 of 3rd period - call a timeout for Blackhawks.
19:16 of 3rd period - Auston Matthews wins face-off versus Vincent Trocheck in Sharks zone.
19:21 of 3rd period - Slapshot by Sidney Crosby.
19:21 of 3rd period - Goal by Sidney Crosby - Sharks : 3 - Blackhawks : 1.
19:21 of 3rd period - Daniel Vladar from Blackhawks was sent back in the game.
19:22 of 3rd period - Colton Sissons wins face-off versus Gustav Nyquist in neutral zone.
19:27 of 3rd period - Backhand shot by Colton Sissons.
19:27 of 3rd period - Stopped by Akira Schmid without a rebound.
19:28 of 3rd period - Colton Sissons wins face-off versus Gustav Nyquist in Sharks zone.
19:59 of 3rd period - Slapshot by Jake Gardiner.
19:59 of 3rd period - Deflect By Mason McTavish.
19:59 of 3rd period - Stopped by Akira Schmid with a rebound.
Goals for this period are 1 for Sharks vs 0 for Blackhawks.
Shots for this period are 10 for Sharks vs 9 for Blackhawks.